 Dungeon Crawl Stone Soup version 0.27-a0-1136-g0b992a5a9d (webtiles) character file.

Game seed: 11109790711737228959

5 Morbidden the Sneak (level 1, -1/11 HPs)
             Began as a Vine Stalker Brigand on May 5, 2021.
             Slain by a quokka (3 damage)
             ... on level 1 of the Dungeon.
             The game lasted 00:00:26 (156 turns).

Morbidden the Sneak (Vine Stalker Brigand)           Turns: 156, Time: 00:00:27

Health: -1/11      AC:  3    Str: 13    XL:     1   Next: 80%
Magic:  0/2        EV: 11    Int: 11    God:
Gold:   0          SH:  0    Dex: 15    Spells: 0/0 levels left

rFire    . . .     SeeInvis .   a - +2 dagger
rCold    . . .     Faith    .   (no shield)
rNeg     . . .     Spirit   +   b - +0 robe
rPois    .         Reflect  .   (no helmet)
rElec    .         Harm     .   c - +0 cloak
rCorr    .         Rampage  .   (no gloves)
Will     .....                  (no boots)
Stlth    +++.......             (no amulet)
HPRegen  0.03/turn              g - ring of wizardry
MPRegen  0.08/turn              (no ring)

@: no status effects
A: fangs 2, magic shield, antimagic bite, no potion heal 2
a: no special abilities


You were on level 1 of the Dungeon.
You visited 1 branch of the dungeon, and saw 2 of its levels.

Inventory:

Hand Weapons
 a - a +2 dagger (weapon)
Missiles
 d - 8 poisoned darts (quivered)
 e - 2 curare-tipped darts
Armour
 b - a +0 robe (worn)
 c - a +0 cloak (worn)
Jewellery
 g - a ring of wizardry (left hand)
Scrolls
 f - a scroll of identify {unknown}


   Skills:
 * Level 1.8 Fighting
 + Level 1.8 Short Blades
 * Level 0.1(1.0) Long Blades
 + Level 1.8 Throwing
 * Level 0.8 Dodging
 + Level 5.1 Stealth


You couldn't memorise any spells.
You didn't know any spells.
Your spell library was empty.

Dungeon Overview and Level Annotations

Branches:
Dungeon (2/15)

Altars:


Innate Abilities, Weirdness & Mutations

You have extremely sharp teeth.
When hurt, damage is shared between your health and your magic reserves.
Your bite disrupts and absorbs the magic of your enemies.
Potions cannot restore your health.


Message History

The kobold shouts!
You hit the endoplasm.
The endoplasm is lightly wounded.
The endoplasm freezes you.
You are frozen.
You hit the endoplasm.
The endoplasm is moderately wounded.
The endoplasm hits you.
You are too injured to fight recklessly!
There is a stone staircase leading down here.
The hobgoblin hits you but does no damage.
The endoplasm completely misses you.
You climb downwards.
There is a stone staircase leading up here.
A giant cockroach comes into view.
Found a coppery potion. 2 rats come into view.
Found a scratched diamond ring.
Found a stone staircase leading up.
A rat comes into view.
A bat comes into view.
The hobgoblin closely misses you.
A dart slug comes into view.
The hobgoblin closely misses you. The quokka closely misses you.
There is a stone staircase leading up here.
The quokka barely misses you.
You climb upwards.
There is a stone staircase leading down here.
A ball python comes into view.
A hobgoblin comes into view.
The kobold throws a stone.
The stone barely misses you. The dart slug launches a dart at you.
The slug dart hits you.
* * * LOW HITPOINT WARNING * * *
The kobold throws a stone.
The stone hits you but does no damage.
Found a spear.
The hobgoblin shouts!
The quokka bites you.
You die...

.###......#
#.........#
#........)#
#....g....#
#.........#
..$!......#
..........# #@#
#r#######
#g......# ..
#K.w....# ..#
##....>..#
..............#
..S.###.......#
..............#
.≈≈≈..........#


You could see a dart slug, a quokka, 2 hobgoblins and a kobold.

Vanquished Creatures
  A dart slug (D:2)
  A kobold (D:1)
  3 rats
5 creatures vanquished.

Notes
Turn   | Place    | Note
-------+----------+-------------------------------------------
     0 | D:1      | Morbidden the Vine Stalker Brigand began the quest for the
                  | Orb.
     0 | D:1      | Reached XP level 1. HP: 11/11 MP: 2/2
   114 | D:1      | You fall into a shaft and drop 1 floor!
   118 | D:2      | Reached skill level 5 in Stealth
   156 | D:1      | Slain by a quokka

Illustrated notes

Levels and vault maps discovered:
D:1:      minmay_arrival_split_and_join, layout_rooms,
          corexii_item_surrounded_by_moat
D:2:      layout_rooms

Skill      XL: |  1 |
---------------+----+-----
Stealth        | 5 |  5.1
Fighting       | |  1.8
Short Blades   | |  1.8
Long Blades    | |  0.1
Throwing       | |  1.8
Dodging        | |  0.8

Action                   || total
-------------------------++-------
Melee: Dagger            ||    12
       Bite              ||     3
 Stab: Sleeping          ||     1
Armor: Robe              ||     3
Dodge: Dodged            ||     9

Table legend: (Time is in decaauts)
 A = Elapsed time spent in this place.
 B = Non-inter-level travel time spent in this place.
 C = Inter-level travel time spent in this place.
 D = Time resting spent in this place.
 E = Time spent auto-exploring this place.
 F = Levels seen in this place.
 G = Mean time per level.
                   A        B        C        D        E       F      G
               +--------+--------+--------+--------+--------+-----+--------+
         Total |    155 |    155 |      0 |      0 |    101 |   2 |   77.5 |
       Dungeon |    155 |    155 |      0 |      0 |    101 |   2 |   77.5 |
               +--------+--------+--------+--------+--------+-----+--------+

Top non-repeatable levels by time:
     D:1: 127 daAuts
     D:2: 27 daAuts
